 Dungeon Crawl Stone Soup version 0.29.0-4-gdea44cf6ec (webtiles) character file.

Game seed: 8638612401677795450

7476 qw the Grappler (level 10, 0/96 HPs)
             Began as a Troll Cinder Acolyte on Sept 1, 2022.
             Was an Initiate of Okawaru.
             Slain by a fire elemental (11 damage)
             ... created by the fiery vengeance of Ignis
             ... on level 10 of the Dungeon.
             The game lasted 00:04:17 (8343 turns).

qw the Grappler (Troll Cinder Acolyte)              Turns: 8343, Time: 00:04:17

Health: 0/96       AC:  7    Str: 28    XL:     10   Next: 94%
Magic:  10/10      EV:  7    Int: 10    God:    Okawaru [......]
Gold:   466        SH: 12    Dex:  5    Spells: 11/11 levels left

rFire   . . .      SeeInvis .     - Unarmed
rCold   + + .      Faith    .   q - +0 tower shield
rNeg    . . .      Spirit   .   u - +0 steam dragon scales
rPois   .          Reflect  .   (helmet restricted)
rElec   .          Harm     .   c - scarf {rC+ rF+}
rCorr   .          Rampage  .   (gloves unavailable)
Will    .....                   (boots unavailable)
Stlth   +.........              p - amulet of regeneration
HPRegen 1.86/turn               j - ring of protection from cold
MPRegen 0.12/turn               (no ring)

@: about to teleport, fire susceptible
A: large, unfitting armour, claws 3, regeneration 1, shaggy fur 1, tough skin 1
a: Renounce Religion


You were on level 10 of the Dungeon.
You worshipped Okawaru.
Okawaru was noncommittal.
You visited 2 branches of the dungeon, and saw 11 of its levels.

You collected 591 gold pieces.
You spent 125 gold pieces at shops.


Innate Abilities, Weirdness & Mutations

You are too large for most types of armour.
You have claws for hands.
Your natural rate of healing is unusually fast.
You are covered in fur. (AC +1)
You have tough skin. (AC +1)


   Skills:
 - Level 5.0 Fighting
 - Level 3.6 Throwing
 - Level 1.3 Dodging
 + Level 6.9 Shields
 - Level 13.5 Unarmed Combat
 - Level 1.0 Spellcasting
 - Level 2.1 Fire Magic


You had 11 spell levels left.
You didn't know any spells.
Your spell library contained the following spells:

 Spells                   Type           Power      Damage    Failure   Level
 Scorch                   Fire           8%         2d5       73%         2

Inventory:

Missiles
 f - 9 boomerangs
 m - 4 large rocks (quivered)
 o - 2 javelins
Armour
 c - a scarf of resistance (worn)
 q - a +0 tower shield (worn)
 s - a +0 cloak
 u - +0 steam dragon scales (worn)
Jewellery
 j - a ring of protection from cold (left claw)
 p - an amulet of regeneration (around neck)
Scrolls
 e - 2 scrolls of enchant weapon
 g - 5 scrolls of identify
Potions
 a - a potion of magic
 b - 4 potions of mutation
 d - 8 potions of curing
 h - a potion of cancellation
 i - 2 potions of heal wounds
 k - 4 potions of might

Dungeon Overview and Level Annotations

Branches:
Dungeon (10/15)            Temple (1/1) D:7
   Lair: D:8-11         Orc: D:9-12

Altars:
Ashenzari
Cheibriados
Dithmenos
Elyvilon
Fedhas
Hepliaklqana
Kikubaaqudgha
Makhleb
Nemelex Xobeh
Okawaru
Qazlal
Sif Muna
Trog
Uskayaw
Wu Jian
Yredelemnul
Zin
The Shining One

Shops:
D:1 !   D:3 *   D:4 [   D:8 *

Annotations:
D:5 5 runed translucent doors


Message History

Things that are here:
a +3 dire flail of freezing; a +0 robe
Items here: )) [[.
m - 2 large rocks
Things that are here:
a +0 morningstar; a +0 robe
m - 3 large rocks (gained 1)
m - 4 large rocks (gained 1) "These will know how to inflict the punishment due to you!" 2 fire elementals come into view.
You completely miss the fire elemental. The fire elemental hits you.
The fire elemental burns you! You block the fire elemental's attack.
You closely miss the fire elemental. The fire elemental hits you.
The fire elemental burns you! You block the fire elemental's attack.
You claw the fire elemental!
The fire elemental is moderately damaged.
You block the fire elemental's attack. The fire elemental hits you.
The fire elemental burns you! The fire elemental hits you.
The fire elemental burns you! You block the fire elemental's attack.
You scratch the fire elemental.
The fire elemental is moderately damaged.
You block the fire elemental's attack. The fire elemental hits you.
The fire elemental burns you!
You claw the fire elemental!
The fire elemental is almost destroyed.
You block the fire elemental's attack. The fire elemental hits you.
The fire elemental burns you!
You barely miss the fire elemental.
The fire elemental is almost destroyed.
The fire elemental hits you. The fire elemental burns you!
You block the fire elemental's attack. The fire elemental hits you.
The fire elemental burns you! The fire elemental hits you.
The fire elemental burns you!
8343 ||| READING scroll of teleportation.
As you read the scroll of teleportation, it crumbles to dust.
You feel strangely unstable. The fire elemental hits you.
The fire elemental burns you!
You die...

########################
........................
##..###.............####
#..# #........E@E......
#..# #..##....###......
#..# #..##....# .....
#..# #..<.....# ....
#..# #..%.....# ...
##..###........###. ..
................... .
............#######
#...........#


You could see 2 fire elementals.

Vanquished Creatures
  Erica (D:9)
  A cyclops (D:9)
  A kobold demonologist (D:8)
  Grinder (D:5)
  Prince Ribbit (D:9)
  3 wyverns
  11 yaks
  Grum (D:9)
  A steam dragon (D:9)
  Menkaure (D:5)
  Duvessa (D:5)
  3 water moccasins
  3 ice beasts
  3 sky beasts
  2 ogres
  2 wolves (D:9)
  A centaur (D:8)
  2 bullfrogs (D:8)
  A kobold brigand (D:9)
  4 necrophages (D:7)
  2 gnoll sergeants
  4 scorpions
  7 wights
  Dowan (D:5)
  A howler monkey (D:9)
  A gnoll bouda (D:5)
  6 hounds
  A jelly (D:6)
  Natasha (twice) (D:4)
  Ijyb (D:5)
  2 iguanas
  5 orc wizards
  22 gnolls
  6 adders
  A shadow imp (D:7)
  A white imp (D:7)
  3 ufetubi
  2 worms
  A dart slug (D:3)
  23 orcs
  9 ball pythons
  9 endoplasms
  4 giant cockroaches
  10 goblins
  6 hobgoblins
  2 jackals (D:3)
  A quokka (D:2)
  4 bats
  A frilled lizard (D:3)
  8 kobolds
  7 rats
197 creatures vanquished.

Vanquished Creatures (others)
  7 plants (D:9)
  A withered plant (D:6)
8 creatures vanquished.

Grand Total: 205 creatures vanquished

Notes
Turn   | Place    | Note
-------+----------+-------------------------------------------
     0 | D:1      | qw the Troll Cinder Acolyte began the quest for the Orb.
     0 | D:1      | Reached XP level 1. HP: 22/22 MP: 1/1
     0 | D:1      | 0 ||| qw: Version: 0.1-a-97-g2dd2ca4
     0 | D:1      | 0 ||| qw: Game counter: 4824
     0 | D:1      | 0 ||| qw: Always use a shield: true
     0 | D:1      | 0 ||| qw: God list: Okawaru
     0 | D:1      | 0 ||| qw: Allow faded altars: false
     0 | D:1      | 0 ||| qw: Do Orc after D:15 true
     0 | D:1      | 0 ||| qw: Do second Lair branch before Depths: true
     0 | D:1      | 0 ||| qw: Lair rune preference: random
     0 | D:1      | 0 ||| qw: Plans: Normal
     0 | D:1      | 0 ||| PLANNING D:1-11
    79 | D:1      | 79 ||| Stepping ~*~*~tactically~*~*~ (outnumbered).
    82 | D:1      | 82 ||| Stepping ~*~*~tactically~*~*~ (outnumbered).
    83 | D:1      | 83 ||| Stepping ~*~*~tactically~*~*~ (outnumbered).
   102 | D:1      | Found a faded altar of an unknown god.
   152 | D:1      | 152 ||| Stepping ~*~*~tactically~*~*~ (stealth).
   160 | D:1      | Reached XP level 2. HP: 29/29 MP: 2/2
   399 | D:1      | Found Qyher's Distillery.
   402 | D:1      | 402 ||| BUYING potion of curing (36 gold).
   402 | D:1      | Bought a potion of curing for 36 gold pieces
   402 | D:1      | 402 ||| SHOPLISTING potion of heal wounds (60 gold, have
                  | 38).
   402 | D:1      | 402 ||| SHOPLISTING potion of resistance (120 gold, have
                  | 38).
   639 | D:1      | Reached skill level 4 in Unarmed Combat
   708 | D:1      | 708 ||| READING scroll labelled SUABAODWOTHU.
   709 | D:1      | 709 ||| READING scroll labelled EVYITE VOTHROH.
   721 | D:2      | 721 ||| STAIRDANCE
   723 | D:1      | 723 ||| INVOKING Fiery Armour.
   725 | D:1      | Reached XP level 3. HP: 35/36 MP: 3/3
   729 | D:2      | 729 ||| STAIRDANCE
   731 | D:1      | 731 ||| Stepping ~*~*~tactically~*~*~ (outnumbered).
   778 | D:2      | Reached skill level 5 in Unarmed Combat
   778 | D:2      | Reached XP level 4. HP: 44/44 MP: 4/4
  1571 | D:2      | 1571 ||| READING 3 scrolls labelled SUURUM OLACKAI.
  1572 | D:2      | 1572 ||| READING 2 scrolls of identify.
  1572 | D:2      | 1572 ||| IDENTIFYING purple potion
  1900 | D:3      | 1900 ||| Stepping ~*~*~tactically~*~*~ (hiding).
  1905 | D:3      | 1905 ||| DRINKING 3 potions of curing.
  1905 | D:3      | 1905 ||| (to cure confusion)
  1906 | D:3      | 1906 ||| INVOKING Fiery Armour.
  1913 | D:3      | 1913 ||| Stepping ~*~*~tactically~*~*~ (stealth).
  1915 | D:3      | Reached XP level 5. HP: 45/50 MP: 5/5
  1918 | D:3      | 1918 ||| Stepping ~*~*~tactically~*~*~ (stealth).
  1920 | D:3      | 1920 ||| Stepping ~*~*~tactically~*~*~ (stealth).
  1926 | D:3      | 1926 ||| Stepping ~*~*~tactically~*~*~ (stealth).
  1933 | D:3      | Reached skill level 6 in Unarmed Combat
  1942 | D:3      | 1942 ||| Stepping ~*~*~tactically~*~*~ (stealth).
  2175 | D:3      | 2175 ||| INVOKING Fiery Armour.
  2178 | D:3      | Found Wilerr's General Store.
  2181 | D:3      | 2181 ||| Stepping ~*~*~tactically~*~*~ (outnumbered).
  2182 | D:3      | 2182 ||| Stepping ~*~*~tactically~*~*~ (outnumbered).
  2183 | D:3      | 2183 ||| Stepping ~*~*~tactically~*~*~ (outnumbered).
  2184 | D:3      | 2184 ||| Stepping ~*~*~tactically~*~*~ (outnumbered).
  2185 | D:3      | 2185 ||| Stepping ~*~*~tactically~*~*~ (outnumbered).
  2186 | D:3      | 2186 ||| Stepping ~*~*~tactically~*~*~ (outnumbered).
  2187 | D:3      | 2187 ||| Stepping ~*~*~tactically~*~*~ (outnumbered).
  2188 | D:3      | 2188 ||| Stepping ~*~*~tactically~*~*~ (outnumbered).
  2190 | D:3      | 2190 ||| Stepping ~*~*~tactically~*~*~ (outnumbered).
  2218 | D:3      | 2218 ||| SHOPLISTING +6 ring of strength (360 gold, have
                  | 159).
  2218 | D:3      | 2218 ||| BUYING scroll of identify (20 gold).
  2218 | D:3      | Bought a scroll of identify for 20 gold pieces
  2218 | D:3      | 2218 ||| BUYING scroll of identify (20 gold).
  2218 | D:3      | Bought a scroll of identify for 20 gold pieces
  2295 | D:3      | 2295 ||| Stepping ~*~*~tactically~*~*~ (stealth).
  2296 | D:3      | 2296 ||| Stepping ~*~*~tactically~*~*~ (stealth).
  2302 | D:3      | 2302 ||| Stepping ~*~*~tactically~*~*~ (stealth).
  2475 | D:3      | 2475 ||| UPGRADING to scarf of resistance.
  2480 | D:3      | 2480 ||| READING scroll labelled WUGYTE DINODY.
  2481 | D:3      | 2481 ||| READING scroll labelled BIF KYASE KEAGH.
  2482 | D:3      | 2482 ||| READING scroll labelled KEIGUS UDURGH.
  2483 | D:3      | 2483 ||| READING scroll labelled GINIFAD PYMM.
  2484 | D:3      | 2484 ||| DRINKING 2 bubbling blue potions.
  2527 | D:3      | 2527 ||| READING 3 scrolls of identify.
  2527 | D:3      | 2527 ||| IDENTIFYING fizzy emerald potion
  2528 | D:3      | 2528 ||| READING 2 scrolls of identify.
  2528 | D:3      | 2528 ||| IDENTIFYING murky sapphire potion
  2529 | D:3      | 2529 ||| DROPPING potion of brilliance.
  2530 | D:3      | 2530 ||| DROPPING potion of lignification.
  2612 | D:4      | Reached XP level 6. HP: 59/59 MP: 6/6
  2617 | D:4      | Found a bloodstained altar of Trog.
  2643 | D:4      | HP: 9/59 [ogre/+0 giant spiked club (23)]
  2644 | D:4      | 2644 ||| INVOKING Fiery Armour.
  2646 | D:4      | Reached skill level 7 in Unarmed Combat
  2859 | D:4      | 2859 ||| Stepping ~*~*~tactically~*~*~ (stealth).
  2889 | D:4      | 2889 ||| FLEEEEING.
  2890 | D:4      | 2890 ||| FLEEEEING.
  2891 | D:4      | 2891 ||| FLEEEEING.
  2892 | D:4      | 2892 ||| FLEEEEING.
  2893 | D:4      | 2893 ||| FLEEEEING.
  2895 | D:4      | 2895 ||| FLEEEEING.
  2896 | D:4      | 2896 ||| FLEEEEING.
  3212 | D:4      | Noticed Natasha
  3213 | D:4      | 3213 ||| Stepping ~*~*~tactically~*~*~ (hiding).
  3214 | D:4      | 3214 ||| Stepping ~*~*~tactically~*~*~ (hiding).
  3226 | D:4      | Killed Natasha
  3227 | D:4      | Reached skill level 8 in Unarmed Combat
  3354 | D:4      | Found Mysequt's Antique Armour Shop.
  3456 | D:4      | 3456 ||| DROPPING ring of wizardry.
  3457 | D:4      | 3457 ||| READING scroll labelled XYLEEZ EVARE.
  3478 | D:5      | Entered Level 5 of the Dungeon
  3496 | D:5      | Reached XP level 7. HP: 66/66 MP: 7/7
  3540 | D:5      | Noticed Duvessa
  3552 | D:5      | Killed Duvessa
  3553 | D:5      | Reached skill level 3 in Fighting
  3554 | D:5      | Noticed Dowan
  3555 | D:5      | 3555 ||| FLEEEEING.
  3556 | D:5      | 3556 ||| FLEEEEING.
  3602 | D:5      | 3602 ||| Stepping ~*~*~tactically~*~*~ (hiding).
  3617 | D:5      | HP: 13/67 [Dowan/shard of ice (14)]
  3618 | D:5      | 3618 ||| INVOKING Fiery Armour.
  3619 | D:5      | Killed Dowan
  3731 | D:5      | Found a shimmering blue altar of Sif Muna.
  3868 | D:5      | Noticed Menkaure
  3869 | D:5      | 3869 ||| Stepping ~*~*~tactically~*~*~ (hiding).
  3870 | D:5      | 3870 ||| Stepping ~*~*~tactically~*~*~ (hiding).
  3873 | D:5      | Noticed Grinder
  3874 | D:5      | 3874 ||| INVOKING Fiery Armour.
  3881 | D:5      | Killed Menkaure
  3892 | D:5      | Killed Grinder
  3893 | D:5      | Reached skill level 9 in Unarmed Combat
  3893 | D:5      | Reached XP level 8. HP: 54/75 MP: 8/8
  3961 | D:5      | Found the +9 staff of Olgreb {rPois∞}
  3965 | D:5      | Found a runed translucent door.
  3967 | D:5      | Noticed Ijyb
  3968 | D:5      | 3968 ||| Stepping randomly (stuck).
  3969 | D:5      | 3969 ||| Stepping randomly (stuck).
  3970 | D:5      | 3970 ||| Stepping randomly (stuck).
  3977 | D:5      | Killed Ijyb
  3978 | D:5      | Reached skill level 1 in Throwing
  4018 | D:5      | Found a runed translucent gate.
  4021 | D:5      | Found a runed translucent gate.
  4029 | D:5      | Found a runed translucent gate.
  4116 | D:5      | Found a runed translucent door.
  4226 | D:5      | Reached skill level 1 in Dodging
  4429 | D:5      | 4429 ||| READING 3 scrolls of identify.
  4429 | D:5      | 4429 ||| IDENTIFYING yellow potion
  4430 | D:5      | 4430 ||| DROPPING potion of attraction.
  4594 | D:4      | Noticed Natasha
  4598 | D:4      | Killed Natasha
  4739 | D:5      | 4739 ||| Stepping randomly (stuck).
  4757 | D:6      | Found an ancient bone altar of Kikubaaqudgha.
  4758 | D:6      | 4758 ||| STAIRDANCE
  4760 | D:5      | 4760 ||| Stepping ~*~*~tactically~*~*~ (outnumbered).
  4761 | D:5      | 4761 ||| Stepping ~*~*~tactically~*~*~ (outnumbered).
  4762 | D:5      | 4762 ||| Stepping ~*~*~tactically~*~*~ (outnumbered).
  4763 | D:5      | 4763 ||| Stepping ~*~*~tactically~*~*~ (outnumbered).
  4764 | D:5      | 4764 ||| Stepping ~*~*~tactically~*~*~ (outnumbered).
  4765 | D:5      | 4765 ||| Stepping ~*~*~tactically~*~*~ (outnumbered).
  4766 | D:5      | 4766 ||| Stepping ~*~*~tactically~*~*~ (outnumbered).
  4767 | D:5      | 4767 ||| Stepping ~*~*~tactically~*~*~ (outnumbered).
  4768 | D:5      | 4768 ||| Stepping ~*~*~tactically~*~*~ (outnumbered).
  4771 | D:5      | 4771 ||| Stepping ~*~*~tactically~*~*~ (outnumbered).
  4772 | D:5      | 4772 ||| Stepping ~*~*~tactically~*~*~ (outnumbered).
  4773 | D:5      | 4773 ||| Stepping ~*~*~tactically~*~*~ (outnumbered).
  4774 | D:5      | 4774 ||| Stepping ~*~*~tactically~*~*~ (outnumbered).
  4776 | D:5      | 4776 ||| Stepping ~*~*~tactically~*~*~ (outnumbered).
  4777 | D:5      | 4777 ||| Stepping ~*~*~tactically~*~*~ (outnumbered).
  4780 | D:5      | 4780 ||| Stepping ~*~*~tactically~*~*~ (outnumbered).
  4806 | D:6      | 4806 ||| STAIRDANCE
  4825 | D:6      | 4825 ||| STAIRDANCE
  4849 | D:6      | 4849 ||| STAIRDANCE
  4904 | D:6      | Reached skill level 10 in Unarmed Combat
  5115 | D:6      | HP: 15/78 [something (5)]
  5121 | D:6      | 5121 ||| INVOKING Fiery Armour.
  5121 | D:6      | HP: 18/78 [sky beast (2)]
  5446 | D:6      | 5446 ||| Stepping ~*~*~tactically~*~*~ (stealth).
  5447 | D:6      | 5447 ||| Stepping ~*~*~tactically~*~*~ (stealth).
  5473 | D:6      | Identified the +8 sling of Defence by Offence {freeze, rF+
                  | MP+9 Str+3}
  5488 | D:6      | 5488 ||| Stepping ~*~*~tactically~*~*~ (hiding).
  5599 | D:6      | 5599 ||| UPGRADING to ring of protection from cold.
  5600 | D:6      | 5600 ||| READING scroll labelled ONNOKO UHOA.
  5601 | D:6      | 5601 ||| READING 7 scrolls of identify.
  5601 | D:6      | 5601 ||| IDENTIFYING fuming amethyst potion
  5602 | D:6      | 5602 ||| DROPPING potion of magic.
  5631 | D:5      | 5631 ||| READING 6 scrolls of identify.
  5631 | D:5      | 5631 ||| IDENTIFYING green potion
  5686 | D:7      | Reached skill level 11 in Unarmed Combat
  5686 | D:7      | Reached XP level 9. HP: 84/85 MP: 9/9
  5703 | D:7      | 5703 ||| Stepping ~*~*~tactically~*~*~ (stealth).
  5804 | D:7      | Found a staircase to the Ecumenical Temple.
  5985 | D:7      | Reached skill level 12 in Unarmed Combat
  6081 | D:7      | Found a glowing silver altar of Zin.
  6290 | D:7      | Found an ornate altar of the Wu Jian Council.
  6441 | D:7      | 6441 ||| INVOKING Fiery Armour.
  6502 | D:7      | 6502 ||| READING scroll labelled IMUVALLAWI.
  6543 | D:7      | 6543 ||| READING 5 scrolls of identify.
  6543 | D:7      | 6543 ||| IDENTIFYING amethyst potion
  6544 | D:7      | 6544 ||| DROPPING potion of invisibility.
  6583 | D:8      | Found a white marble altar of Elyvilon.
  6613 | D:8      | Noticed a kobold demonologist
  6619 | D:8      | Noticed an ice devil
  6620 | D:8      | 6620 ||| INVOKING Fiery Armour.
  6625 | D:8      | 6625 ||| Stepping ~*~*~tactically~*~*~ (outnumbered).
  6626 | D:8      | 6626 ||| Stepping ~*~*~tactically~*~*~ (outnumbered).
  6637 | D:8      | Killed a kobold demonologist
  6664 | D:8      | 6664 ||| Stepping ~*~*~tactically~*~*~ (hiding).
  6675 | D:8      | 6675 ||| Stepping ~*~*~tactically~*~*~ (stealth).
  6678 | D:8      | Reached skill level 3 in Throwing
  6685 | D:8      | Reached XP level 10. HP: 74/96 MP: 10/10
  6688 | D:8      | 6688 ||| Stepping ~*~*~tactically~*~*~ (stealth).
  6740 | D:8      | Found a basalt altar of Yredelemnul.
  6812 | D:8      | Identified the +1 leather armour "Weokh" {rC+ Regen+ Int-3
                  | SInv}
  6837 | D:8      | 6837 ||| Stepping ~*~*~tactically~*~*~ (stealth).
  6842 | D:8      | 6842 ||| Stepping ~*~*~tactically~*~*~ (stealth).
  6848 | D:8      | Reached skill level 13 in Unarmed Combat
  6852 | D:8      | 6852 ||| Stepping ~*~*~tactically~*~*~ (outnumbered).
  6915 | D:8      | Found a hazy altar of Hepliaklqana.
  6918 | D:8      | Found Lefaudix's Mass Market.
  6926 | D:8      | 6926 ||| BUYING +0 tower shield (49 gold).
  6926 | D:8      | Bought a +0 tower shield for 49 gold pieces
  7027 | D:8      | 7027 ||| Stepping ~*~*~tactically~*~*~ (hiding).
  7118 | D:8      | 7118 ||| DROPPING orb of wrath.
  7119 | D:8      | 7119 ||| UPGRADING to +0 tower shield.
  7124 | D:8      | 7124 ||| UPGRADING to amulet of regeneration.
  7129 | D:8      | 7129 ||| READING scroll labelled HUILUE IROPI.
  7151 | D:9      | Found a stormy altar of Qazlal.
  7164 | D:9      | Found a shadowy altar of Dithmenos.
  7164 | D:9      | Noticed Prince Ribbit
  7174 | D:9      | Killed Prince Ribbit
  7175 | D:9      | Reached skill level 1 in Shields
  7228 | D:9      | Noticed Grum
  7229 | D:9      | 7229 ||| INVOKING Fiery Armour.
  7230 | D:9      | 7230 ||| Stepping ~*~*~tactically~*~*~ (outnumbered).
  7249 | D:9      | Killed Grum
  7250 | D:9      | Reached skill level 3 in Shields
  7281 | D:9      | 7281 ||| READING scroll of teleportation.
  7289 | D:9      | 7289 ||| Stepping ~*~*~tactically~*~*~ (outnumbered).
  7290 | D:9      | 7290 ||| Stepping ~*~*~tactically~*~*~ (outnumbered).
  7292 | D:9      | 7292 ||| Stepping ~*~*~tactically~*~*~ (outnumbered).
  7298 | D:9      | 7298 ||| Stepping ~*~*~tactically~*~*~ (outnumbered).
  7302 | D:9      | 7302 ||| Stepping ~*~*~tactically~*~*~ (outnumbered).
  7304 | D:9      | 7304 ||| Stepping ~*~*~tactically~*~*~ (outnumbered).
  7400 | D:9      | 7400 ||| INVOKING Fiery Armour.
  7440 | D:9      | Noticed a cyclops
  7448 | D:9      | Killed a cyclops
  7609 | D:9      | Noticed Erica
  7610 | D:9      | 7610 ||| INVOKING Fiery Armour.
  7621 | D:9      | Killed Erica
  7622 | D:9      | Reached skill level 6 in Shields
  7917 | D:9      | 7917 ||| PLANNING TEMPLE
  7917 | D:9      | 7917 ||| UPGRADING to +1 robe.
  7927 | D:9      | 7927 ||| DROPPING +0 robe.
  7928 | D:9      | 7928 ||| UPGRADING to +0 steam dragon scales.
  7938 | D:9      | 7938 ||| DROPPING +1 robe.
  7939 | D:9      | 7939 ||| READING scroll labelled YSEDAFR USSEU.
  7940 | D:9      | 7940 ||| READING scroll labelled BIUPSI ZE YHU.
  7965 | Temple   | Entered the Ecumenical Temple
  8070 | Temple   | 8070 ||| PLANNING CONVERSION TO OKAWARU
  8074 | Temple   | Fell from the grace of Ignis
  8074 | Temple   | Became a worshipper of Warmaster Okawaru
  8075 | Temple   | 8075 ||| PLANNING D:1-11
  8190 | D:10     | Entered Level 10 of the Dungeon
  8192 | D:10     | 8192 ||| STAIRDANCE
  8199 | D:10     | 8199 ||| STAIRDANCE
  8219 | D:10     | 8219 ||| STAIRDANCE
  8342 | D:10     | HP: 18/96 [fire elemental[the fiery vengeance of Ignis]
                  | (9)]
  8343 | D:10     | 8343 ||| READING scroll of teleportation.
  8343 | D:10     | Slain by a fire elemental

Levels and vault maps discovered:
D:1:      matt_arrival_spirals, layout_basic,
          hellmonk_ecumenical_altar_slurped_away, serial_shops,
          nicolae_shop_behind_doors, grunt_decor_one_mirror
D:2:      layout_basic, serial_rivers, chequers_serial_rivers_micro_c,
          chequers_serial_rivers_large_b, chequers_serial_rivers_micro_b,
          chequers_serial_rivers_room_a, lemuel_another_geyser
D:3:      minmay_thinvault, layout_rooms, serial_shops, shop, chequers_avenue
D:4:      layout_loops_ring, trog_three_pillars_becter, serial_shops,
          nicolae_shop_behind_doors, minmay_misc_feat_enclosed,
          chequers_serial_rivers_micro_c, uniq_natasha
D:5:      layout_basic, nicolae_overflow_hidden_temple,
          minmay_guarded_unrand_staff_of_olgreb, uniq_ijyb, uniq_duvessa,
          uniq_menkaure, uniq_grinder
D:6:      layout_loops_cross, kiku_gazebo_garden_becter, nicolae_titane
D:7:      layout_basic, mainiacjoe_overflow_chevrons,
          mainiacjoe_overflow_cross_hatched, minmay_temple_entry_mist,
          columned_hall_lemuel
D:8:      layout_rooms, kennysheep_mini_moat, yredelemnul_altar_generic,
          lemuel_coloured_pillars_altar, minmay_shop_mass
D:9:      layout_big_octagon, mainiacjoe_overflow_catch_the_wave, serial_park,
          serial_park_gazebo [serial_park_minivault_5x5_8], uniq_erica,
          uniq_grum, uniq_prince_ribbit1
D:10:     layout_stronghold, nicolae_vehumet_radiance,
          ebering_ghost_reflecting_pool, uniq_lodul
Temple:   minmay_temple_curvy_loop

Skill      XL: |  1  2  3  4  5  6  7  8  9 10 |
---------------+-------------------------------+-----
Unarmed Combat | 4 5 6 8 9 11 12 13 | 13.5
Fighting       | 3 4 5 |  5.0
Throwing       | 1 3 |  3.6
Dodging        | 1 |  1.3
Shields        | 6 |  6.9
Spellcasting   | |  1.0
Fire Magic     | |  2.1

Action                   |  1- 3 |  4- 6 |  7- 9 | 10-12 || total
-------------------------+-------+-------+-------+-------++-------
Melee: Unarmed           |    62 |   153 |   208 |   112 ||   535
       Punch             |     1 |     4 |     6 |     2 ||    13
Throw: Boomerang         |       |    10 |    40 |     8 ||    58
       Javelin           |       |       |     7 |    15 ||    22
       Large rock        |       |       |       |     7 ||     7
Invok: Fiery Armour      |     1 |     3 |     5 |     3 ||    12
  Use: Scroll            |     2 |     9 |     6 |     5 ||    22
       Potion            |       |     2 |       |       ||     2
Armor: Robe              |    24 |    45 |    68 |    35 ||   172
       Steam dragon scal |       |       |       |    10 ||    10
Dodge: Dodged            |    29 |    53 |    91 |    33 ||   206
Block: Tower shield      |       |       |       |    52 ||    52

Table legend:
 A = Non-vault XP
 B = Vault XP
 C = Vault XP percentage of total XP
 D = Non-vault monster count
 E = Vault monster count
 F = Vault count percentage of total count
                 A         B        C        D         E       F
            +---------+---------+-------+---------+---------+-------
      Total |    8378 |    2303 |  21.6 |     168 |      29 |  14.7
            +---------+---------+-------+---------+---------+-------
        D:1 |      87 |       2 |   2.2 |      22 |       1 |   4.3
        D:2 |      25 |       0 |   0.0 |       7 |       0 |   0.0
        D:3 |     174 |      52 |  23.0 |      22 |      17 |  43.6
        D:4 |     388 |      37 |   8.7 |      20 |       1 |   4.8
        D:5 |     371 |     699 |  65.3 |      15 |       5 |  25.0
        D:6 |     824 |       0 |   0.0 |      16 |       0 |   0.0
        D:7 |    1498 |       0 |   0.0 |      20 |       0 |   0.0
        D:8 |    2642 |       0 |   0.0 |      19 |       0 |   0.0
        D:9 |    1872 |    1513 |  44.7 |      22 |       5 |  18.5
       D:10 |     497 |       0 |   0.0 |       5 |       0 |   0.0
            +---------+---------+-------+---------+---------+-------
